 Dungeon Crawl Stone Soup version 0.27.0-1-g7a089689b8 (webtiles) character file.

Game seed: 12832057426762752150

102 freelancePsychic the Magician (level 5, 0/38 HPs)
             Began as a Djinni Fire Elementalist on Aug 15, 2021.
             Slain by a water moccasin skeleton (3 damage)
             ... on level 5 of the Dungeon.
             The game lasted 00:03:59 (2990 turns).

freelancePsychic the Magician (DjFE)                Turns: 2990, Time: 00:03:59

Health: 0/38       AC:  2    Str:  7    XL:     5   Next: 5%
Gold:   11         EV: 11    Int: 18    God:
                   SH:  3    Dex: 13

rFire    + + .     SeeInvis .   (no weapon)
rCold    x . .     Faith    .   g - +0 buckler
rNeg     . . .     Spirit   .   a - +0 robe
rPois    ∞         Reflect  .   (no helmet)
rElec    .         Harm     .   (no cloak)
rCorr    .         Rampage  .   (no gloves)
Will     .....                  (boots unavailable)
Stlth    ++........             (no amulet)
HPRegen  0.12/turn              (no ring)
MPRegen  0.00/turn              (no ring)

@: brilliant, flying, very slightly contaminated
A: sickness immunity, fire resistance 2, cold vulnerability 1, float, innate
caster, hp casting, extra vitality 1
a: no special abilities


You were on level 5 of the Dungeon.
You visited 1 branch of the dungeon, and saw 4 of its levels.

You collected 61 gold pieces.
You spent 50 gold pieces at shops.

Inventory:

Armour
 a - a +0 robe (worn)
 g - a +0 buckler (worn)
Jewellery
 h - an amulet of the acrobat
Scrolls
 b - 2 scrolls of identify {@r1}
 e - a scroll of brand weapon
 f - a scroll of torment {unknown}
 i - a scroll of magic mapping {unknown}
Potions
 d - a potion of heal wounds {unknown}


   Skills:
 + Level 2.1 Fighting
 - Level 2.1 Dodging
 - Level 1.5 Stealth
 + Level 0.3 Shields
 * Level 3.6 Spellcasting


You couldn't memorise any spells.
You knew the following spells:

 Your Spells              Type           Power      Damage    Failure   Level
a - Foxfire               Conj/Fire      96%        2x1d8     5%          1
b - Conjure Flame         Conj/Fire      24%        6-21      17%         3
c - Inner Flame           Hex/Fire       24%        N/A       17%         3
d - Sticky Flame          Conj/Fire      24%        2d5       50%         4
e - Fireball              Conj/Fire      12%        3d7       83%         5
f - Pain                  Necr           96%        1d8       5%          1
g - Wereblood             Tmut           24%        N/A       9%          2
Your spell library was empty.

Dungeon Overview and Level Annotations

Branches:
Dungeon (3/15)

Altars:

Shops:
D:2 *

Annotations:
D:2 1 runed translucent door, Crazy Yiuf, Natasha, Sigmund


Innate Abilities, Weirdness & Mutations

You are immune to sickness and miasma.
You are immune to poison.
Your flesh is very heat resistant. (rF++)
You are vulnerable to cold. (rC-)
You float through the air rather than walking.
You learn spells naturally, not from books.
Your magical power is your life essence.
You have superior vitality. (+4 HP)


Message History

The bullfrog zombie hits you.
The water moccasin skeleton bites you but does no damage.
Casting: Inner Flame (quite dangerous; 17% risk of failure)
Confirm with . or Enter, or press ? or * to list all spells.
The spell is quite dangerous to cast (17% risk of failure)!
Continue anyway?
Aiming: Inner Flame (quite dangerous; 17% risk of failure)
Press: ? - help, Shift-Dir - straight line, f/p - bullfrog zombie
Aim: a bullfrog zombie (moderately damaged, chance to affect: 81%)
The bullfrog zombie is filled with an inner flame.
The bullfrog zombie misses you.
The water moccasin skeleton bites you but does no damage.
The bullfrog zombie hits you.
* * * LOW HITPOINT WARNING * * *
Casting: Inner Flame (quite dangerous; 17% risk of failure)
Confirm with . or Enter, or press ? or * to list all spells.
You miscast Foxfire.
You are very lightly contaminated with residual magic.
Nothing appears to happen.
* * * LOW HITPOINT WARNING * * *
The water moccasin skeleton barely misses you.
The bullfrog zombie misses you.
Casting: Foxfire (safe; 5% risk of failure)
Confirm with . or Enter, or press ? or * to list all spells.
You conjure some foxfire!
* * * LOW HITPOINT WARNING * * *
The water moccasin skeleton closely misses you.
The bullfrog zombie misses you.
The foxfire hits the bullfrog zombie.
Flame seeps out of the bullfrog zombie.
The bullfrog zombie is moderately damaged.
The foxfire hits the bullfrog zombie.
Flame seeps out of the bullfrog zombie.
The bullfrog zombie is heavily damaged.
The bullfrog zombie is engulfed in blazing flames.
Flame seeps out of the bullfrog zombie.
The water moccasin skeleton bites you.
* * * LOW HITPOINT WARNING * * *
The bullfrog zombie barely misses you.
Found a scratched gilded ring.
It was a potion of brilliance.
You feel clever all of a sudden. The water moccasin skeleton bites you.
You die...

.= #.# ###.#
#...#
#...#######
.........#
#.........
#?##@Z......#
#...Z.○.....#
###........)#
#.........#
#.........#
#.....#####
##..>## #...#
#...#


You could see a bullfrog zombie (inner flame) and a water moccasin skeleton.

Vanquished Creatures
  Natasha (D:2)
  2 adders
  A worm (D:2)
  2 dart slugs
  7 endoplasms
  6 goblins
  4 hobgoblins
  4 jackals (D:1)
  2 quokkas
  2 ball pythons
  7 bats (D:1)
  3 frilled lizards
  6 kobolds
  2 rats (D:1)
49 creatures vanquished.

Vanquished Creatures (others)
  212 foxfires
212 creatures vanquished.

Grand Total: 261 creatures vanquished

Notes
Turn   | Place    | Note
-------+----------+-------------------------------------------
     0 | D:1      | freelancePsychic the Djinni Fire Elementalist began the
                  | quest for the Orb.
     0 | D:1      | Reached XP level 1. HP: 15/15 MP: 0/0
   368 | D:1      | Reached XP level 2. HP: 19/22 MP: 0/0
   527 | D:1      | Reached skill level 1 in Fighting
   739 | D:1      | Reached XP level 3. HP: 16/27 MP: 0/0
   739 | D:1      | Learned a level 1 spell: Pain
   925 | D:1      | Reached skill level 3 in Spellcasting
  1699 | D:2      | HP: 1/27 [cloud of flame (5)]
  1896 | D:2      | Reached XP level 4. HP: 28/32 MP: 0/0
  2199 | D:2      | Noticed Natasha
  2203 | D:2      | Killed Natasha
  2320 | D:2      | Found a runed translucent door.
  2321 | D:2      | Noticed Crazy Yiuf
  2410 | D:2      | Found Uskanuo's Assorted Antiques.
  2417 | D:2      | Bought a scroll labelled QUSIBO BAHEMMO for 25 gold pieces
  2417 | D:2      | Bought a scroll labelled TIUKYA JAUQESM for 25 gold pieces
  2418 | D:2      | Found a faded altar of an unknown god.
  2486 | D:2      | Noticed Natasha
  2826 | D:3      | Reached XP level 5. HP: 36/38 MP: 0/0
  2826 | D:3      | Learned a level 2 spell: Wereblood
  2906 | D:2      | Noticed Sigmund
  2979 | D:3      | You are sucked into a shaft and drop 2 floors!
  2979 | D:5      | Entered Level 5 of the Dungeon
  2990 | D:5      | Slain by a water moccasin skeleton

Illustrated notes

Levels and vault maps discovered:
D:1:      heliophobic_arrival_dark_side_of_the_moon, layout_loops_ring,
          st_stairs_6, minmay_shallow_snake_nest
D:2:      layout_basic, basic_altar, serial_shops, nicolae_shop_crystal,
          chequers_ecumenical_altar_simple, uniq_natasha,
          uniq_crazy_yiuf_cottage, uniq_sigmund
D:3:      layout_basic, hex_intersection
D:5:      lemuel_castle_with_subvaults [lemuel_castle_interior_carwin_1],
          layout_loops_cross, minmay_temple_entry_offerings,
          gammafunk_ghost_stat_death, uniq_edmund

Skill      XL: |  1  2  3  4 |
---------------+-------------+-----
Fighting       | 1 2 |  2.1
Spellcasting   | 3 |  3.6
Dodging        | |  2.1
Stealth        | |  1.5
Shields        | |  0.3

Action                   |  1- 3 |  4- 6 || total
-------------------------+-------+-------++-------
Melee: Unarmed           |     3 |       ||     3
 Cast: Foxfire           |    83 |    53 ||   136
       Inner Flame       |     2 |     2 ||     4
       Pain              |     1 |       ||     1
  Use: Potion            |     2 |     1 ||     3
       Scroll            |       |     1 ||     1
Armor: Robe              |     3 |     2 ||     5
Dodge: Dodged            |     9 |    11 ||    20
